 Dungeon Crawl Stone Soup version 0.31-a0-971-g75a2e9a4b4 (webtiles) character file.

Game seed: 2824183251561233258

182 Arex the Trooper (level 5, 0/42 HPs)
             Began as a Demonspawn Fighter on Oct 29, 2023.
             Was a Follower of Uskayaw.
             Slain by a gnoll
             ... wielding a +0 halberd
              (11 damage)
             ... on level 3 of the Dungeon.
             The game lasted 00:04:15 (2257 turns).

Arex the Trooper (Demonspawn Fighter)               Turns: 2257, Time: 00:04:16

Health: 0/42       AC:  6    Str: 19    XL:     5   Next: 35%
Magic:  6/6        EV:  9    Int:  9    God:    Uskayaw [*.....]
Gold:   195        SH:  4    Dex: 12    Spells: 4/4 levels left

rFire   . .          .
                       - Unarmed
rCold   . . .        c - +0 buckler
rNeg    . . .        b - +0 scale mail
rPois   .            (no helmet)
rElec   .            (no cloak)
rCorr   .            (no gloves)
SInv    .            (no boots)
Will    .....        (no amulet) Stlth
                     (no ring)
HPRegen 0.27/turn    (no ring)
MPRegen 0.10/turn

%: no passive effects
@: hasted, very quick
A: claws 1, powered by death 1
a: Renounce Religion, Stomp


You were on level 3 of the Dungeon.
You worshipped Uskayaw.
Uskayaw was noncommittal.
You visited 1 branch of the dungeon, and saw 3 of its levels.

You collected 195 gold pieces.

Inventory:

Hand Weapons
 a - a +0 war axe
Armour
 b - a +0 scale mail (worn)
 c - a +0 buckler (worn)
Talismans
 g - a talisman of death
Wands
 k - a wand of iceblast (6)
Scrolls
 e - a scroll of enchant weapon
 f - a scroll of identify
 h - a scroll of teleportation {unknown}
 j - a scroll of revelation {unknown}
 l - 2 scrolls of enchant armour {unknown}
 m - a scroll of butterflies
Potions
 i - a potion of curing


   Skills:
 + Level 3.9 Fighting
 - Level 2.0 Axes
 + Level 3.4 Armour
 + Level 3.4 Shields
 + Level 1.6 Unarmed Combat
 + Level 2.3 Invocations


You had 4 spell levels left.
You didn't know any spells.
Your spell library contained the following spells:

 Spells                   Type           Power      Damage    Failure   Level
 Apportation              Tloc           0%         N/A       83%         1
 Necrotise                Necr           0%         1d4       83%         1
 Summon Small Mammal      Summ           0%         N/A       83%         1
 Ensorcelled Hibernation  Hex/Ice        0%         N/A       92%         2
 Passwall                 Tmut/Erth      0%         N/A       92%         2
 Swiftness                Air            0%         N/A       99%         3


Dungeon Overview and Level Annotations

Branches:
Dungeon (3/15)

Altars:
Uskayaw

Shops:
D:1 *:

Annotations:
D:3 Sigmund


Innate Abilities, Weirdness & Mutations

You have sharp fingernails.
You regenerate a little health from kills.


Message History

The gnoll hits you from afar with a +0 halberd.
You scratch the gnoll.
The gnoll is lightly wounded.
The gnoll closely misses you.
The gnoll hits you from afar with a +0 halberd!
You scratch the gnoll.
The gnoll is heavily wounded.
The gnoll hits you from afar with a +0 halberd.
The gnoll hits you from afar with a +0 halberd!
You are too injured to fight recklessly!
You are too injured to fight recklessly!
You are too injured to fight recklessly!
You are too injured to fight recklessly!
You are too injured to fight recklessly!
You are too injured to fight recklessly!
You are too injured to fight recklessly!
You are too injured to fight recklessly!
You are too injured to fight recklessly!
You are too injured to fight recklessly!
You are too injured to fight recklessly!
You are too injured to fight recklessly!
You are too injured to fight recklessly!
You are too injured to fight recklessly!
You are too injured to fight recklessly!
You are too injured to fight recklessly!
The gnoll attacks as it pursues you!
The gnoll hits you with the +2 dagger of Untimely Demise {heavy, rF+ rN++ Int-5 Dex+3}!
* * * LOW HITPOINT WARNING * * *
The gnoll attacks as it pursues you! The gnoll barely misses you.
Sigmund the Dreaded comes into view.
He is wielding a +0 scythe.
Sigmund shouts!
It was a potion of haste.
You feel yourself speed up.
The gnoll hits you from afar with a +0 halberd.
* * * LOW HITPOINT WARNING * * *
Sigmund casts a spell at you. The magic dart hits you.
* * * LOW HITPOINT WARNING * * *
You feel better. The gnoll barely misses you.
The gnoll hits you from afar with a +0 halberd!
You die...

#.#<#####......
....#...........#..
.@................
......##..######..
..........#.......
##......##......... ###
..####............ ....
#.#...............
....###@..##.....†......
.......g.###............
##......g###.....####...
##.###..g.##.....####..#
........................
#######....#..........##
#....#...####...#.
#.#...#...........
##########.#.#.##.###......


You could see Sigmund and 3 gnolls.

Vanquished Creatures
  An ogre (D:3)
  An orc priest (D:3)
  An adder (D:2)
  2 dart slugs
  6 orcs
  3 bats
  5 endoplasms
  4 giant cockroaches
  5 goblins
  4 hobgoblins
  2 quokkas
  3 ball pythons
  5 frilled lizards
  6 kobolds
  5 rats
53 creatures vanquished.

Notes
Turn   | Place    | Note
-------+----------+-------------------------------------------
     0 | D:1      | Arex the Demonspawn Fighter began the quest for the Orb.
     0 | D:1      | Reached XP level 1. HP: 18/18 MP: 1/1
   173 | D:1      | Gained mutation: You have sharp fingernails. [demonic
                  | ancestry]
   173 | D:1      | Reached XP level 2. HP: 22/24 MP: 2/2
   281 | D:1      | Noticed a walking divine tome
   283 | D:1      | Found Otyte's Book Boutique.
   285 | D:1      | Noticed a walking divine tome
   537 | D:1      | Found a faded altar of an unknown god.
   679 | D:1      | Prayed at the altar of an unknown god.
   679 | D:1      | Became a worshipper of Uskayaw the Reveller
   679 | D:1      | Reached * piety under Uskayaw
   823 | D:1      | Found Korghirph's Assorted Antiques.
   999 | D:2      | Reached ** piety under Uskayaw
  1182 | D:2      | Reached XP level 3. HP: 26/29 MP: 3/3
  1185 | D:2      | Reached *** piety under Uskayaw
  1721 | D:2      | Reached skill level 1 in Invocations
  1921 | D:3      | Reached skill level 1 in Unarmed Combat
  1921 | D:3      | Gained mutation: You regenerate a little health from kills.
                  | [demonic ancestry]
  1921 | D:3      | Reached XP level 4. HP: 22/36 MP: 3/5
  1925 | D:3      | Reached **** piety under Uskayaw
  2210 | D:3      | Noticed an ogre
  2212 | D:3      | Killed an ogre
  2213 | D:3      | Reached XP level 5. HP: 42/42 MP: 6/6
  2244 | D:3      | Identified the +2 dagger of Untimely Demise {heavy, rF+
                  | rN++ Int-5 Dex+3}
  2255 | D:3      | Noticed Sigmund
  2256 | D:3      | HP: 1/42 [Sigmund/magic dart (2)]
  2257 | D:3      | Slain by a gnoll

Illustrated notes

Levels and vault maps discovered:
D:1:      dpeg_arrival_houses_and_road, layout_loops_ring, serial_shops,
          nicolae_shop_mannequins, nicolae_shop_back_alley_shop,
          chequers_ecumenical_altar_lobes, dreamdust_princess_bridge
D:2:      layout_loops_cross, minmay_tall_x
D:3:      layout_rooms, uniq_sigmund

Skill      XL: |  1  2  3  4 |
---------------+-------------+-----
Axes           | 2 |  2.0
Armour         | 3 |  3.4
Shields        | 3 |  3.4
Invocations    | 1 2 |  2.3
Unarmed Combat | 1 |  1.6
Fighting       | |  3.9

Action                     |  1- 3 |  4- 6 || total
---------------------------+-------+-------++-------
  Melee: War axe           |   109 |     4 ||   113
         Unarmed           |       |    27 ||    27
  Evoke: Wand              |       |     2 ||     2
    Use: Scroll            |     3 |       ||     3
         Potion            |     1 |     2 ||     3
   Stab: Paralysed         |       |     3 ||     3
 Armour: Scale mail        |    90 |    18 ||   108
  Dodge: Dodged            |    54 |    12 ||    66
  Block: Buckler           |    25 |     6 ||    31

Table legend: (Time is in decaauts)
 A = Elapsed time spent in this place.
 B = Non-inter-level travel time spent in this place.
 C = Inter-level travel time spent in this place.
 D = Time resting spent in this place.
 E = Time spent auto-exploring this place.
 F = Levels seen in this place.
 G = Mean time per level.
                   A        B        C        D        E       F      G
               +--------+--------+--------+--------+--------+-----+--------+
         Total |   2307 |   2137 |    170 |    210 |   1515 |   3 |  769.0 |
       Dungeon |   2307 |   2137 |    170 |    210 |   1515 |   3 |  769.0 |
               +--------+--------+--------+--------+--------+-----+--------+

Top non-repeatable levels by time:
     D:1: 978 daAuts
     D:2: 883 daAuts
     D:3: 445 daAuts
